AoeStats
← Drumstein

MegaRandom

509338563Analyzed
4v4 RM · 5d ago on Sep 26, 2026· 53m 59s· 8 players
Game mode
Random Map
Map size
Large (8 player)
Population
200
Speed
Normal
Resources
Standard
Victory
Conquest
Starting age
Dark Age
Ending age
Imperial Age
RankedLock teamsTeams togetherTeam positionsShared explorationLock speedFull tech treeHidden civsTurbo modeCheats
Victory
Defeat
🇮🇳 Teutons · India
900
+14
🇨🇳 Danes · China
898
+14
🇮🇹 Gurjaras · Italy
875
+15
🇭🇰 Persians · Hong Kong SAR China
829
+18
🇩🇪 Japanese · Germany
939
-18
🇨🇱 Lithuanians · Chile
850
-15
🇹🇷 Goths · Türkiye
846
-15
🇸🇪 Celts · Sweden
814
-13
Velox_M_B
0:31 Loom
10:13 Feudal Age
10:48 Double-Bit Axe
10:46 Horse Collar
13:32 Wheelbarrow
13:27 Gold Mining
19:17 Castle Age
19:10 Stone Mining
20:17 Bow Saw
20:13 Husbandry
22:46 Heavy Plow
28:17 Imperial Age
27:31 Thumb Ring
29:20 Ballistics
31:12 Chemistry
30:56 Fletching
33:59 Treadmill Crane
34:41 Heavy Camel Rider
36:08 Bodkin Arrow
38:49 Elite Elephant Archer
41:42 Conscription
42:33 Hand Cart
43:04 Kshatriyas
43:18 Elite Skirmisher
43:58 Arson
44:54 Hoardings
44:34 Town Watch
45:48 Bloodlines
45:00 Light Cavalry
46:03 Bracer
46:04 Padded Archer Armor
46:15 Forging
51:24 Fervor
51:37 Sanctity
51:21 Caravan
52:36 Scale Mail Armor
53:13 Iron Casting
52:44 Scale Barding Armor
54:19 Town Patrol
54:40 Leather Archer Armor
54:41 Chain Mail Armor
zh56956
10:18 Feudal Age
15:31 Castle Age
14:07 Double-Bit Axe
14:04 Horse Collar
15:55 Man-at-Arms
23:18 Long Swordsman
24:38 Heavy Plow
24:51 Bow Saw
25:17 Squires
35:36 Wheelbarrow
輕鬆一打四
0:28 Loom
9:59 Feudal Age
16:30 Castle Age
14:39 Stone Mining
14:46 Horse Collar
14:55 Double-Bit Axe
15:57 Wheelbarrow
15:08 Town Watch
17:15 Bow Saw
17:06 Heavy Plow
19:17 Stone Shaft Mining
18:58 Gold Mining
24:09 Gold Shaft Mining
30:56 Imperial Age
28:41 Hand Cart
29:10 Town Patrol
29:17 Scale Barding Armor
29:02 Fletching
29:48 Forging
31:33 Ballistics
31:23 Masonry
31:08 Murder Holes
31:36 Chain Barding Armor
33:00 Crop Rotation
33:17 Conscription
33:35 Plate Barding Armor
32:56 Bodkin Arrow
34:31 Two-Man Saw
34:47 Hoardings
34:17 Husbandry
34:28 Bloodlines
34:19 Devotion
34:58 Iron Casting
35:05 Citadels
34:52 Elite War Elephant
38:26 Blast Furnace
38:56 Architecture
39:27 Chemistry
42:25 Faith
rooney
10:50 Feudal Age
19:28 Castle Age
18:52 Double-Bit Axe
18:49 Horse Collar
30:15 Imperial Age
28:20 Wheelbarrow
27:30 Town Watch
28:50 Heavy Plow
28:58 Gold Mining
32:06 Conscription
Wirsh
0:41 Loom
8:53 Feudal Age
10:12 Wheelbarrow
9:38 Double-Bit Axe
16:15 Castle Age
20:54 Hand Cart
21:32 Man-at-Arms
21:58 Gambesons
22:24 Gold Mining
25:10 Gold Shaft Mining
36:22 Imperial Age
36:45 Town Watch
37:11 Bow Saw
36:41 Horse Collar
36:53 Stone Mining
37:44 Heavy Plow
37:20 Heavy Scorpion
38:34 Pikeman
45:22 Forging
45:13 Scale Mail Armor
46:33 Halberdier
48:13 Chain Mail Armor
50:58 Iron Casting
Drumstein
0:50 Loom
11:13 Feudal Age
11:20 Man-at-Arms
12:25 Arson
18:43 Castle Age
18:49 Long Swordsman
19:30 Double-Bit Axe
20:10 Squires
21:41 Gambesons
29:30 Fletching
33:28 Bow Saw
35:27 Murder Holes
35:54 Ballistics
36:12 Pikeman
39:37 Imperial Age
38:38 Elite Skirmisher
39:51 Horse Collar
40:52 Conscription
41:44 Wheelbarrow
40:58 Town Watch
42:56 Chemistry
43:19 Two-Man Saw
42:09 Two-Handed Swordsman
42:39 Halberdier
44:54 Kataparuto
51:23 Forging
51:15 Scale Mail Armor
Voluntary
3:36 Loom
11:11 Feudal Age
12:10 Town Watch
14:14 Wheelbarrow
14:22 Wheelbarrow
19:33 Castle Age
20:25 Horse Collar
20:33 Double-Bit Axe
21:19 Town Patrol
22:55 Hand Cart
25:18 Bow Saw
26:13 Anarchy
26:17 Squires
27:40 Forging
27:30 Scale Mail Armor
29:23 Chain Mail Armor
29:43 Iron Casting
30:06 Heavy Plow
29:59 Gold Mining
30:00 Stone Mining
30:41 Pikeman
38:01 Ballistics
37:53 Masonry
44:22 Imperial Age
41:51 Murder Holes
42:21 Treadmill Crane
43:05 Caravan
43:35 Coinage
44:27 Halberdier
46:59 Perfusion
47:20 Conscription
49:10 Blast Furnace
snoow.wolf.96
0:50 Loom
13:28 Feudal Age
14:07 Double-Bit Axe
14:05 Horse Collar
17:04 Gold Mining
22:36 Castle Age
20:47 Scale Barding Armor
21:39 Stone Mining
24:18 Wheelbarrow
24:20 Bow Saw
24:13 Heavy Plow
26:12 Chain Barding Armor
26:03 Forging
28:44 Fervor
29:50 Hand Cart
30:31 Bloodlines
30:22 Husbandry
31:35 Iron Casting
32:20 Town Watch
33:46 Caravan
34:44 Fortified Wall
34:30 Murder Holes
35:12 Town Patrol
37:47 Imperial Age
38:30 Elite Leitis
39:49 Plate Barding Armor
43:42 Conscription
43:55 Pikeman
44:51 Scale Mail Armor
44:55 Halberdier
45:53 Chain Mail Armor
45:52 Squires
47:05 Ballistics
47:20 Fletching
48:35 Chemistry
50:35 Guard Tower
Connection lost

Rejoining the realm…

Still unreachable

The connection could not be restored.

Session expired

The server has moved on; the page needs a fresh start.